 Dungeon Crawl Stone Soup version 0.22.0-6-g71bd7aa (webtiles) character file.

3165 dysrexia the Covert (level 9, -2/76 HPs)
             Began as an Octopode Necromancer on Aug 13, 2018.
             Was a Believer of Dithmenos.
             Slain by a chaos spawn (17 damage)
             ... on level 8 of the Dungeon on Aug 14, 2018.
             The game lasted 00:43:48 (9248 turns).

dysrexia the Covert (Octopode Necromancer)          Turns: 9248, Time: 00:43:51

Health: -2/76      AC: 24    Str:  7    XL:     9   Next: 94%
Magic:  15/15      EV:  2    Int: 18    God:    Dithmenos [**....]
Gold:   112        SH:  0    Dex: 15    Spells: 2/16 levels left

rFire    . . .     SeeInvis .   l - +1 dagger (venom)
rCold    . . .     Gourm    .   (no shield)
rNeg     + + +     Faith    .   (helmet currently unavailable)
rPois    +         Spirit   .   (no amulet)
rElec    .         Reflect  .   c - ring of wizardry
rCorr    .         Harm     .   (no ring)
MR       .....     NoTele   +   (no ring)
Stlth    +++++.....             (no ring)
HPRegen  0.22/turn              (no ring)
MPRegen  0.14/turn              (no ring)
                                (no ring)
                                (no ring)

@: tree-form, wreathed by umbra
A: almost no armour, stealthy swim, (amphibious), 8 rings, (constrict 8)
a: Shadow Step, Renounce Religion


You were on level 8 of the Dungeon.
You worshipped Dithmenos.
Dithmenos was pleased with you.
You were not hungry.
You were a tree.
You visited 1 branch of the dungeon, and saw 8 of its levels.

You collected 388 gold pieces.
You spent 276 gold pieces at shops.

Inventory:

Hand Weapons
 l - a +1 dagger of venom (weapon)
 v - a +0 hunting sling of flaming
 A - a +0 blowgun
Missiles
 r - 24 poisoned needles
Jewellery
 c - a ring of wizardry (left branch)
Wands
 d - a wand of scattershot (4)
 g - a wand of iceblast (9)
 i - a wand of polymorph (27)
Scrolls
 a - 6 scrolls of remove curse
 f - a scroll of fog
 h - a scroll of magic mapping
 m - 2 scrolls of teleportation
 q - 4 scrolls of identify
 s - a scroll of blinking
 u - 2 scrolls of amnesia
 y - 2 scrolls of enchant weapon
 B - a scroll of fear
Potions
 j - 2 potions of flight
 k - a potion of cancellation
 o - 3 potions of mutation
 t - a potion of haste
 w - a potion of might
 z - a potion of agility
Comestibles
 b - 13 rations


   Skills:
 * Level 7.3 Short Blades
 - Level 2.0 Dodging
 + Level 9.2 Stealth
 - Level 4.0 Spellcasting
 * Level 7.2 Hexes
 - Level 6.1 Necromancy


You had 2 spell levels left.
You knew the following spells:

 Your Spells              Type           Power        Failure   Level  Hunger
a - Pain                  Necr           ####         1%          1    None
b - Animate Skeleton      Necr           N/A          1%          1    None
c - Vampiric Draining     Necr           ####......   1%          3    ###....
d - Animate Dead          Necr           N/A          4%          4    ####...
e - Ensorcelled Hibernat  Hex/Ice        ###...       1%          2    ##.....
f - Confuse               Hex            ####....     1%          3    ###....

Your spell library contained the following spells:

 Spells                   Type           Power        Failure   Level  Hunger
 Apportation              Tloc           #.....       6%          1    None
 Summon Small Mammal      Summ           #...         6%          1    None
 Regeneration             Chrm/Necr      ##........   4%          3    ###....
 Tukima's Dance           Hex            ####....     1%          3    ###....
 Confusing Touch          Hex            ####..       1%          1    None
 Corona                   Hex            ####...      1%          1    None
 Dazzling Spray           Conj/Hex       ###...       4%          3    ###....


Dungeon Overview and Level Annotations

Branches:
Dungeon (8/15)             Temple (0/1) D:7
   Lair: D:8-11

Altars:
Cheibriados
Dithmenos
Fedhas
Nemelex Xobeh
Xom
Zin
The Shining One

Shops:
D:6 *(!

Annotations:
D:2 1 runed door
D:4 Eustachio, Pikel
D:8 Psyche


Innate Abilities, Weirdness & Mutations

You cannot wear most types of armour.
You are very stealthy in the water. (Stealth+)
((You are amphibious.))
You can wear up to eight rings at the same time.
((You can use your tentacles to constrict eight enemies at once.))
((Your skin changes colour to match your surroundings (Stealth+).))
((Your rubbery body absorbs attacks. (AC +1, EV +1)))


Message History

You closely miss the chaos spawn.
The chaos spawn is heavily wounded.
You hit the chaos spawn but do no damage.
The chaos spawn looks as sick as possible!
The chaos spawn is heavily wounded.
The chaos spawn gores you. The chaos spawn freezes you.
You hit the chaos spawn but do no damage.
The chaos spawn is severely wounded.
The chaos spawn gores you.
You are engulfed in flames!
* * * LOW HITPOINT WARNING * * *
You hit the chaos spawn but do no damage.
The chaos spawn looks as sick as possible!
The chaos spawn is almost dead.
You hit the chaos spawn but do no damage.
The chaos spawn looks as sick as possible!
The chaos spawn is almost dead.
The chaos spawn hits you!
* * * LOW HITPOINT WARNING * * *
The chaos spawn freezes you!
You die...

KK....#.#.#.#.#.#.#.#..#
...#.#.#.#.#.#.#.#.#.#.#
#.#.
#.#4#.#.#.#.#.#..###
.#.# #.#.#.#.#.#.#.#..<#
#.#.#.#.#.#..))(.#
#...4######......#
####.# #..(...# #####.##
#......# #.♣44..#
#......# #)###.)#
######## #...#..#
###o#### #..ao.o..#
........#Z# .#.Zo..o#..#
#.....oo ... #.....o.
....


You could see 2 chaos spawn.

Vanquished Creatures
  Joseph (D:8)
  A hornet (D:7)
  2 hippogriffs
  3 orc warriors
  A slave (D:6)
  A phantom (D:7)
  2 sky beasts (D:6)
  2 ogres
  2 big kobolds (D:7)
  3 bullfrogs
  2 wights (D:6)
  3 howler monkeys (D:8)
  A crimson imp (D:6)
  2 bullfrog zombies
  A centaur zombie (D:8)
  2 hounds
  A bullfrog skeleton (D:6)
  4 orc priests
  5 orc wizards
  Jessica (D:2)
  An iguana (D:4)
  Ijyb (D:3)
  Natasha (thrice) (D:2)
  6 worker ants
  A killer bee zombie (D:6)
  A worker ant zombie (D:8)
  Robin (D:4)
  4 gnolls
  4 adders
  3 shadow imps
  2 oozes (D:6)
  2 adder zombies
  A worm (D:2)
  2 dart slugs
  A leopard gecko (D:1)
  23 orcs
  2 giant cockroaches
  5 goblins
  14 hobgoblins
  6 jackals
  11 kobolds
  3 quokkas
  2 ball pythons (D:1)
  6 bats
  6 frilled lizards
  A goblin skeleton (D:7)
  A goblin zombie (D:7)
  A hobgoblin zombie (D:7)
  A jackal zombie (D:6)
  A kobold skeleton (D:7)
  An orc skeleton (D:7)
  An orc zombie (D:7)
  A quokka skeleton (D:5)
  7 rats
166 creatures vanquished.

Vanquished Creatures (collateral kills)
  A dart slug (D:2)
  3 goblins (D:4)
  A hobgoblin (D:1)
  A frilled lizard (D:2)
  A rat (D:2)
7 creatures vanquished.

Grand Total: 173 creatures vanquished

Notes
Turn   | Place    | Note
-------+----------+-------------------------------------------
     0 | D:1      | dysrexia the Octopode Necromancer began the quest for the Orb.
     0 | D:1      | Reached XP level 1. HP: 11/11 MP: 3/3
   298 | D:1      | Reached skill level 3 in Stealth
   298 | D:1      | Reached XP level 2. HP: 16/17 MP: 3/5
   301 | D:1      | Learned a level 1 spell: Animate Skeleton
  1127 | D:1      | Reached XP level 3. HP: 17/21 MP: 3/6
  1132 | D:1      | HP: 1/21 [gnoll/spear (5)]
  1589 | D:2      | Noticed Natasha
  1593 | D:2      | Killed Natasha
  1593 | D:2      | Reached XP level 4. HP: 18/27 MP: 2/7
  2044 | D:2      | Noticed Natasha
  2049 | D:2      | Killed Natasha
  2049 | D:2      | Reached skill level 4 in Stealth
  2049 | D:2      | Reached skill level 5 in Necromancy
  2186 | D:2      | Noticed Jessica
  2196 | D:2      | Noticed Natasha
  2206 | D:2      | Killed Natasha
  2206 | D:2      | Reached XP level 5. HP: 31/31 MP: 6/9
  2617 | D:2      | Found a runed door.
  2705 | D:2      | Killed Jessica
  2739 | D:2      | Learned a level 3 spell: Vampiric Draining
  2744 | D:2      | Learned a level 4 spell: Animate Dead
  3218 | D:3      | Noticed Ijyb
  3247 | D:3      | Killed Ijyb
  3904 | D:3      | Reached skill level 5 in Stealth
  3904 | D:3      | Reached XP level 6. HP: 23/36 MP: 2/10
  4076 | D:4      | Noticed Eustachio
  4555 | D:4      | Noticed Robin
  4564 | D:4      | Killed Robin
  4724 | D:4      | Noticed a slave
  4725 | D:4      | hello friend pikel
  4851 | D:4      | Noticed Pikel
  5117 | D:5      | Entered Level 5 of the Dungeon
  5142 | D:5      | Found a shadowy altar of Dithmenos.
  5153 | D:5      | Became a worshipper of Dithmenos the Shadowed
  5154 | D:5      | Upgraded the game from 0.22.0-5-gf09313c to 0.22.0-6-g71bd7aa
  5179 | D:5      | Learned a level 2 spell: Ensorcelled Hibernation
  5656 | D:5      | Found a glowing silver altar of Zin.
  5656 | D:5      | Noticed an angel
  5657 | D:5      | Found a shimmering altar of Xom.
  6033 | D:6      | HP: 1/36 [bullfrog (3)]
  6034 | D:6      | Reached skill level 1 in Short Blades
  6034 | D:6      | Reached skill level 1 in Hexes
  6034 | D:6      | Reached XP level 7. HP: 1/41 MP: 1/12
  6427 | D:6      | Found a snail-covered altar of Cheibriados.
  6466 | D:6      | Found Ufill's Weapon Boutique.
  6693 | D:6      | Reached skill level 6 in Stealth
  6989 | D:6      | Reached XP level 8. HP: 39/46 MP: 6/14
  6994 | D:6      | Learned a level 3 spell: Confuse
  7489 | D:6      | Reached * piety under Dithmenos
  7516 | D:6      | Reached skill level 7 in Stealth
  7661 | D:6      | Found Nyfium's General Store.
  7720 | D:6      | Found a sparkling altar of Nemelex Xobeh.
  7797 | D:6      | Found Wossegusu's Distillery.
  7805 | D:6      | Bought a potion of heal wounds for 60 gold pieces
  7805 | D:6      | Bought a potion of haste for 120 gold pieces
  7805 | D:6      | Bought a potion of might for 48 gold pieces
  7805 | D:6      | Bought a potion of agility for 48 gold pieces
  8071 | D:7      | Found a glowing golden altar of the Shining One.
  8133 | D:7      | Noticed a hornet
  8138 | D:7      | Killed a hornet
  8138 | D:7      | Reached skill level 5 in Short Blades
  8138 | D:7      | Reached skill level 5 in Hexes
  8149 | D:7      | Found a staircase to the Ecumenical Temple.
  8219 | D:7      | Reached XP level 9. HP: 51/51 MP: 12/15
  8231 | D:7      | Reached skill level 8 in Stealth
  8237 | D:7      | Found a blossoming altar of Fedhas.
  8420 | D:8      | Reached ** piety under Dithmenos
  8456 | D:8      | Noticed Psyche
  8651 | D:8      | Noticed Joseph
  9133 | D:8      | Killed Joseph
  9133 | D:8      | Reached skill level 9 in Stealth
  9248 | D:8      | Slain by a chaos spawn

Skill      XL: |  1  2  3  4  5  6  7  8  9 |
---------------+----------------------------+-----
Stealth        | 3 4 5 6 7 9 |  9.2
Necromancy     | 5 6 |  6.1
Spellcasting   | 3 4 |  4.0
Short Blades   | 1 3 5 7 |  7.3
Hexes          | 1 3 5 7 |  7.2
Dodging        | |  2.0

Action                   |  1- 3 |  4- 6 |  7- 9 || total
-------------------------+-------+-------+-------++-------
Melee: Unarmed           |    13 |    17 |       ||    30
       Constrict         |     3 |     9 |    37 ||    49
       Tentacles         |     1 |     2 |    31 ||    34
       Dagger            |       |    19 |   221 ||   240
 Cast: Pain              |    38 |   130 |    26 ||   194
       Animate Skeleton  |     2 |     9 |     1 ||    12
       Animate Dead      |       |     4 |       ||     4
       Vampiric Draining |       |     2 |       ||     2
       Ensorcelled Hiber |       |     5 |    59 ||    64
       Confuse           |       |       |     9 ||     9
  Use: Scroll            |       |    14 |     4 ||    18
       Potion            |       |       |     4 ||     4
 Stab: Sleeping          |     2 |     1 |    40 ||    43
       Confused          |       |       |     5 ||     5
       Distracted        |       |       |     1 ||     1
  Eat: Chunk             |     1 |    12 |     7 ||    20
       Ration            |       |     1 |     2 ||     3
Armor: Skin              |     6 |     5 |    27 ||    38
Dodge: Dodged            |    25 |    45 |    99 ||   169
